AoeStats
← Tetsu.Japan

African Clearing

505894401Analyzed
4v4 RM · 21d ago on Sep 11, 2026· 40m 39s· 8 players
Game mode
Random Map
Map size
Large (8 player)
Population
200
Speed
Normal
Resources
Standard
Victory
Conquest
Starting age
Dark Age
Ending age
Imperial Age
RankedLock teamsTeams togetherTeam positionsShared explorationLock speedFull tech treeHidden civsTurbo modeCheats
Victory
Defeat
🇬🇧 Bulgarians · United Kingdom
1328
+14
🇺🇸 Khmer · United States
1323
+14
🇺🇸 Hindustanis · United States
1313
+15
🇯🇵 Persians · Japan
1278
+17
🇨🇳 Mongols · China
1324
-16
🇯🇵 Berbers · Japan
1278
-15
🇫🇷 Shu · France
1277
-15
🇹🇼 Portuguese · Taiwan
1271
-14
Snorkiss89
12:32 Feudal Age
13:08 Double-Bit Axe
13:30 Loom
16:46 Forging
17:52 Town Watch
22:18 Castle Age
20:34 Scale Barding Armor
21:16 Horse Collar
21:49 Bloodlines
22:22 Light Cavalry
23:24 Chain Barding Armor
34:09 Wheelbarrow
33:59 Heavy Plow
34:28 Stone Mining
35:29 Husbandry
36:05 Town Patrol
36:28 Hand Cart
36:20 Gold Mining
37:06 Stone Shaft Mining
ׅ
11:45 Feudal Age
10:00 Loom
12:35 Double-Bit Axe
15:55 Forging
15:50 Scale Barding Armor
17:39 Bloodlines
23:33 Castle Age
22:46 Gold Mining
24:42 Light Cavalry
25:24 Husbandry
26:02 Iron Casting
25:48 Chain Barding Armor
25:49 Horse Collar
32:07 Imperial Age
32:34 Hussar
35:57 Blast Furnace
37:08 Plate Barding Armor
39:33 Heavy Plow
40:09 Wheelbarrow
King Hansonite III
11:25 Loom
13:34 Feudal Age
20:36 Castle Age
19:01 Fletching
20:24 Stone Mining
20:24 Double-Bit Axe
21:55 Bodkin Arrow
24:39 Horse Collar
26:13 Town Watch
30:01 Bloodlines
30:57 Wheelbarrow
30:19 Gold Mining
34:48 Gold Shaft Mining
34:47 Ballistics
34:38 Masonry
35:34 Scale Barding Armor
35:39 Forging
40:21 Imperial Age
38:41 Stone Shaft Mining
39:04 Hand Cart
38:54 Heavy Plow
40:36 Chain Barding Armor
40:52 Iron Casting
40:46 Stirrups
Tetsu.Japan
3:34 Loom
13:13 Feudal Age
14:35 Double-Bit Axe
20:03 Horse Collar
21:01 Scale Barding Armor
24:16 Castle Age
25:54 Bow Saw
27:28 Wheelbarrow
27:16 Chain Barding Armor
27:18 Town Watch
28:07 Heavy Plow
28:05 Gold Mining
29:11 Fletching
29:55 Stone Mining
32:48 Bodkin Arrow
38:32 Imperial Age
37:26 Hand Cart
39:15 Conscription
40:48 Bloodlines
TedyJunior
6:18 Loom
14:04 Feudal Age
15:27 Double-Bit Axe
22:59 Castle Age
21:18 Fletching
23:03 Padded Archer Armor
23:02 Crossbowman
25:37 Bodkin Arrow
25:42 Scale Mail Armor
25:23 Pikeman
27:04 Ballistics
38:42 Forging
alex1993327
3:54 Loom
14:28 Feudal Age
18:56 Castle Age
18:07 Double-Bit Axe
19:03 Stone Mining
22:37 Bow Saw
22:59 Gold Mining
30:35 Wheelbarrow
35:11 Imperial Age
32:48 Horse Collar
33:34 Heavy Plow
35:37 Elite Organ Gun
41:01 Coinage
grifon_5th
7:50 Loom
13:30 Feudal Age
14:47 Double-Bit Axe
17:18 Castle Age
28:11 Fletching
32:25 Wheelbarrow
31:40 Town Watch
37:20 Hand Cart
39:15 Bow Saw
39:00 Horse Collar
ABCDE
5:57 Loom
14:17 Feudal Age
14:54 Double-Bit Axe
17:48 Castle Age
15:42 Stone Mining
18:31 Wheelbarrow
19:08 Bow Saw
19:32 Gold Mining
21:44 Horse Collar
26:16 Heavy Plow
30:17 Fletching
32:31 Bodkin Arrow
37:46 Imperial Age
35:02 Town Watch
35:45 Padded Archer Armor
36:08 Ballistics
38:54 Imperial Age
39:12 Imperial Age
36:58 Hand Cart
37:21 Bloodlines
37:11 Husbandry
37:50 Hand Cart
38:24 Leather Archer Armor
Connection lost

Rejoining the realm…

Still unreachable

The connection could not be restored.

Session expired

The server has moved on; the page needs a fresh start.